 Dungeon Crawl Stone Soup version 0.31-a0-833-gc15d34cb79 (webtiles) character file.

Game seed: 15983068505850609136

280 garrulousMonolith the Shield-Bearer (level 6, -2/38 HPs)
             Began as a Gargoyle Fighter on Sept 25, 2023.
             Slain by a gnoll bouda
             ... wielding a +0 whip
              (3 damage)
             ... on level 5 of the Dungeon.
             The game lasted 00:02:28 (1869 turns).

garrulousMonolith the Shield-Bearer (GrFi)          Turns: 1869, Time: 00:02:29

Health: -2/38      AC: 11    Str: 20    XL:     6   Next: 27%
Magic:  6/6        EV:  8    Int:  8    God:
Gold:   89         SH:  8    Dex: 11    Spells: 5/5 levels left

rFire   . . .        a - +0 flail
rCold   . . .        g - +0 kite shield
rNeg    + . .        b - +0 scale mail
rPois   ∞            (no helmet)
rElec   +            (no cloak)
rCorr   .            (no gloves)
SInv    .            (no boots)
Will    .....        (no amulet) Stlth
                     (no ring)
HPRegen 0.26/turn    (no ring)
MPRegen 0.10/turn

%: no passive effects
@: weakened
A: sickness immunity, AC +4, negative energy resistance 1, electricity
resistance, torment resistance 1, petrification resistance
a: no special abilities


You were on level 5 of the Dungeon.
You visited 1 branch of the dungeon, and saw 4 of its levels.

You collected 89 gold pieces.

Inventory:

Hand Weapons
 a - a +0 flail (weapon)
Armour
 b - a +0 scale mail (worn)
 c - a +0 buckler
 g - a +0 kite shield (worn)
 j - the +0 helmet of Derazepn {+Inv rF- rN++ Dex+2}
   (You found it on level 2 of the Dungeon)

   Dex+2:     It affects your dexterity (+2).
   rF-:       It makes you vulnerable to fire.
   rN++:      It greatly protects you from negative energy.
   +Inv:      It lets you turn invisible.
Scrolls
 k - a scroll of fog {unknown}
 l - a scroll of fear {unknown}
 m - a scroll of identify {unknown}
 n - a scroll of acquirement {unknown}
 o - a scroll of poison {unknown}
Potions
 e - a potion of ambrosia {unknown}
 f - 3 potions of mutation {unknown}
 h - a potion of resistance {unknown}
 i - a potion of haste {unknown}


   Skills:
 + Level 4.2 Fighting
 * Level 4.0 Maces & Flails
 + Level 4.1 Armour
 + Level 1.6 Dodging
 + Level 4.3 Shields


You had 5 spell levels left.
You didn't know any spells.
Your spell library contained the following spells:

 Spells                   Type           Power      Damage    Failure   Level
 Kiss of Death            Conj/Necr      0%         2d5       96%         1
 Confusing Touch          Hex            0%         N/A       100%        3
 Anguish                  Hex/Necr       0%         N/A       100%        4
 Cause Fear               Hex            0%         N/A       100%        4
 Dispel Undead            Necr           0%         3d6       100%        4
 Enfeeble                 Hex            0%         N/A       100%        7


Dungeon Overview and Level Annotations

Branches:
Dungeon (3/15)

Altars:


Innate Abilities, Weirdness & Mutations

You are immune to sickness and miasma.
Your stone body is resilient. (AC +4)
You are immune to poison.
You resist negative energy. (rN+)
You are resistant to electric shocks. (rElec)
You are resistant to unholy torment.
You are immune to petrification.


Message History

You are too injured to fight recklessly!
You are too injured to fight recklessly!
You are too injured to fight recklessly!
You are too injured to fight recklessly!
You are too injured to fight recklessly!
You are too injured to fight recklessly!
You are too injured to fight recklessly!
You are too injured to fight recklessly!
You are too injured to fight recklessly!
You are too injured to fight recklessly!
You are too injured to fight recklessly!
You are too injured to fight recklessly!
You hit the gnoll bouda but do no damage.
The gnoll bouda barks out a call to the hunt!
The gnoll picks up the pace!
You block the gnoll's attack.
You closely miss the gnoll bouda.
The gnoll bouda hits you with a +0 whip!
The gnoll closely misses you. You block the gnoll's attack.
The gnoll bouda gazes fiercely through you!
You feel as though you will be weak longer.
The gnoll bouda hits you but does no damage.
You closely miss the gnoll bouda. You block the gnoll's attack.
The gnoll hits you with a +0 flail.
The gnoll bouda gazes fiercely through you!
You feel as though you will be weak longer.
You block the gnoll bouda's attack. The gnoll barely misses you.
You hit the gnoll bouda.
The gnoll bouda is lightly wounded.
You block the gnoll's attack. You block the gnoll bouda's attack.
The gnoll closely misses you. The gnoll barely misses you.
You sock the gnoll bouda!
The gnoll bouda is heavily wounded.
The gnoll bouda hits you with a +0 whip!
* * * LOW HITPOINT WARNING * * *
The gnoll hits you with a +0 club.
* * * LOW HITPOINT WARNING * * *
The gnoll barely misses you.
The gnoll bouda hits you with a +0 whip.
You die...

#.# ### ### #.# ...#.#
#.# #.#.$#.#####'#####
....#...........#
#.######.......#
###......'.......#
#.#.#.ggg.####.......#
.>..?.†@..####.......#
#.#.#.>...+..........#
.........###........###
#.#.#.....#
#........†.. .........#
#.#######.##
#.#.#.....# #. #.#
...######## # #.# #.
#.# #.#


You could see a gnoll bouda and 2 gnolls.

Vanquished Creatures
  An ogre (D:3)
  A black bear (D:5)
  A hound (D:5)
  2 adders (D:2)
  2 worms (D:2)
  5 ball pythons
  4 bats
  4 endoplasms
  2 giant cockroaches
  8 goblins
  2 hobgoblins
  3 quokkas
  3 frilled lizards
  7 kobolds
  4 rats
49 creatures vanquished.

Notes
Turn   | Place    | Note
-------+----------+-------------------------------------------
     0 | D:1      | garrulousMonolith the Gargoyle Fighter began the quest for
                  | the Orb.
     0 | D:1      | Reached XP level 1. HP: 14/14 MP: 1/1
   131 | D:1      | Reached XP level 2. HP: 19/19 MP: 2/2
   229 | D:1      | Found a faded altar of an unknown god.
   552 | D:1      | Reached XP level 3. HP: 23/23 MP: 3/3
   836 | D:2      | Identified the +0 helmet of Derazepn {+Inv rF- rN++ Dex+2}
  1045 | D:2      | Reached XP level 4. HP: 29/29 MP: 4/4
  1663 | D:3      | Noticed an ogre
  1679 | D:3      | Killed an ogre
  1680 | D:3      | Reached skill level 1 in Dodging
  1680 | D:3      | Reached XP level 5. HP: 31/33 MP: 5/5
  1712 | D:3      | You fall into a shaft and drop 2 floors!
  1712 | D:5      | Entered Level 5 of the Dungeon
  1743 | D:5      | Noticed a black bear
  1754 | D:5      | Killed a black bear
  1755 | D:5      | Reached XP level 6. HP: 19/38 MP: 6/6
  1869 | D:5      | HP: 1/38 [gnoll/+0 club[a gnoll bouda] (3)]
  1869 | D:5      | Slain by a gnoll bouda

Illustrated notes

Levels and vault maps discovered:
D:1:      dpeg_arrival_rooms_a, layout_basic, dreamdust_ecumenical_altar_grove
D:2:      layout_basic, minmay_misc_feat_cross, kennysheep_generic_room_7
D:3:      cheibrodos_thug_alley, layout_basic, serial_glass, glass_columns_c,
          glass_columns_a, glass_columns_b, glass_columns_a, item_on_display_a,
          minmay_strange_pillars, chequers_serial_rivers_micro_d
D:5:      layout_basic, mainiacjoe_overflow_catwalk,
          mainiacjoe_overflow_small_starburst, st_stairs_8

Skill      XL: |  1  2  3  4  5  6 |
---------------+-------------------+-----
Maces & Flails | 3 4 |  4.0
Fighting       | 4 |  4.2
Dodging        | 1 |  1.6
Shields        | 4 |  4.3
Armour         | 4 |  4.1

Action                     |  1- 3 |  4- 6 || total
---------------------------+-------+-------++-------
  Melee: Flail             |   103 |    70 ||   173
    Use: Potion            |       |     1 ||     1
 Armour: Scale mail        |    62 |    75 ||   137
  Dodge: Dodged            |    58 |    34 ||    92
  Block: Buckler           |     8 |       ||     8
         Kite shield       |    32 |    55 ||    87

Table legend: (Time is in decaauts)
 A = Elapsed time spent in this place.
 B = Non-inter-level travel time spent in this place.
 C = Inter-level travel time spent in this place.
 D = Time resting spent in this place.
 E = Time spent auto-exploring this place.
 F = Levels seen in this place.
 G = Mean time per level.
                   A        B        C        D        E       F      G
               +--------+--------+--------+--------+--------+-----+--------+
         Total |   1931 |   1835 |     96 |    189 |   1227 |   4 |  482.8 |
       Dungeon |   1931 |   1835 |     96 |    189 |   1227 |   4 |  482.8 |
               +--------+--------+--------+--------+--------+-----+--------+

Top non-repeatable levels by time:
     D:2: 754 daAuts
     D:1: 745 daAuts
     D:3: 266 daAuts
     D:5: 165 daAuts
